 Dungeon Crawl Stone Soup version 0.30.1-11-g7821555f0a (webtiles) character file.

Game seed: 18204758942355501821

24947 booth the Cleaver (level 12, -9/87 HPs)
             Began as a Demonspawn Monk on Nov 8, 2023.
             Was the Champion of Hepliaklqana.
             Killed from afar by a lindwurm (25 damage)
             ... with a blast of flame
             ... summoned by Kirke
             ... on level 3 of the Lair of Beasts.
             The game lasted 01:36:59 (17288 turns).

booth the Cleaver (Demonspawn Monk)                Turns: 17288, Time: 01:37:00

Health: -9/87      AC: 14    Str: 15    XL:     12   Next: 85%
Magic:  0/17       EV: 16    Int: 13    God:    Hepliaklqana [******]
Gold:   738        SH: 12    Dex: 16    Spells: 11/11 levels left

rFire   . . .        o - +3 flail (drain)
rCold   . . .        K - +0 buckler
rNeg    . . .        r - +2 leather armour {rPois}
rPois   +            m - +0 hat
rElec   .            z - +1 cloak
rCorr   .            E - +0 pair of gloves
SInv    +            (no boots)
Will    .....        q - amulet of reflection
Stlth   +            b - ring of see invisible
HPRegen 0.34/turn    C - +4 ring of protection
MPRegen 0.30/turn

%: reflection, guardian spirit
@: about to teleport, slowed, very slow
A: reduced essence, hooves 2, slimy green scales 1, icemail 1, magic shield,
magic regeneration, condensation shield, large bone plates 1, mutation
resistance 1, wild magic 1
a: Renounce Religion, Recall Ancestor, Ancestor Identity, Transference, Idealise


You were on level 3 of the Lair of Beasts.
You worshipped Hepliaklqana.
Hepliaklqana was exalted by your worship.
You visited 3 branches of the dungeon, and saw 15 of its levels.

You collected 898 gold pieces.
You spent 160 gold pieces at shops.

Inventory:

Hand Weapons
 a - a +1 hand axe
 o - a +3 flail of draining (weapon)
 y - a +4 mace
 D - a +1 war axe
 G - a +0 battleaxe
Missiles
 s - a silver javelin
 t - 28 poisoned darts (quivered)
 F - a throwing net
 J - 2 curare-tipped darts
Armour
 c - a +0 ring mail
 m - a +0 hat (worn)
 r - a +2 leather armour of poison resistance (worn)
 z - a +1 cloak (worn)
 E - a +0 pair of gloves (worn)
 K - a +0 buckler (worn)
 M - +0 acid dragon scales
Jewellery
 b - a ring of see invisible (left hand)
 i - a ring of flight
 q - an amulet of reflection (around neck)
 C - a +4 ring of protection (right hand)
 S - an amulet of magic regeneration
Wands
 d - a wand of flame (5)
 p - a wand of charming (16)
 x - a wand of polymorph (8)
 O - a wand of iceblast (6)
Scrolls
 g - 8 scrolls of teleportation
 h - 3 scrolls of immolation
 l - 3 scrolls of amnesia
 A - 3 scrolls of silence
 H - 5 scrolls of poison
 I - 3 scrolls of magic mapping
 L - 3 scrolls of identify
 N - 2 scrolls of fog
 P - a scroll of butterflies
Potions
 e - a potion of magic
 f - a potion of attraction
 j - a potion of cancellation
 k - 5 potions of lignification
 n - a potion of brilliance
 u - 3 potions of flight
 v - 2 potions of mutation
 w - a potion of might
 B - 3 potions of resistance
 Q - 3 potions of curing
 R - a potion of berserk rage


   Skills:
 + Level 10.2 Fighting
 * Level 12.8 Axes
 + Level 8.6 Throwing
 + Level 9.3 Dodging
 + Level 6.6 Invocations


You had 11 spell levels left.
You didn't know any spells.
Your spell library contained the following spells:

 Spells                   Type           Power      Damage    Failure   Level
 Summon Small Mammal      Summ           0%         N/A       56%         1
 Ensorcelled Hibernation  Hex/Ice        0%         N/A       71%         2
 Passwall                 Tmut/Erth      0%         N/A       71%         2
 Portal Projectile        Hex/Tloc       0%         N/A       89%         3
 Spider Form              Tmut/Pois      0%         N/A       89%         3
 Stone Arrow              Conj/Erth      0%         3d7       89%         3
 Swiftness                Air            0%         N/A       89%         3
 Anguish                  Hex/Necr       0%         N/A       99%         4
 Petrify                  Tmut/Erth      0%         N/A       99%         4
 Alistair's Intoxication  Tmut/Pois      0%         N/A       100%        5
 Borgnjor's Vile Clutch   Necr/Erth      0%         N/A       100%        5
 Metabolic Englaciation   Hex/Ice        0%         N/A       100%        5
 Conjure Ball Lightning   Conj/Air       0%         3x3d6     100%        6
 Dispersal                Tloc           0%         N/A       100%        6
 Eringya's Noxious Bog    Tmut/Pois      0%         N/A       100%        6
 Statue Form              Tmut/Erth      0%         N/A       100%        6
 Summon Hydra             Summ           0%         N/A       100%        7
 Summon Horrible Things   Summ           0%         N/A       100%        8


Dungeon Overview and Level Annotations

Branches:
Dungeon (11/15)            Temple (1/1) D:7            Lair (3/5) D:11
  Swamp (0/4) Lair:2       Spider (0/4) Lair:2          Orc (0/2) D:11

Altars:
Ashenzari
Cheibriados
Dithmenos
Fedhas
Gozag
Hepliaklqana
Kikubaaqudgha
Makhleb
Nemelex Xobeh
Okawaru
Qazlal
Ru
Sif Muna
Trog
Uskayaw
Vehumet
Wu Jian
Xom
Yredelemnul

Shops:
D:1 [   D:7 *   D:8 *

Annotations:
D:2 1 runed translucent door, Crazy Yiuf
D:10 1 runed translucent door, Xeneth's ghost, journeyman MiFi
Lair:3 Kirke


Innate Abilities, Weirdness & Mutations

Your life essence is reduced to manifest your ancestor. (-10% HP)
You have hoof-like feet.
You are partially covered in slimy green scales. (AC +2)
A meltable icy envelope protects you from harm. (AC +0)
When hurt, damage is shared between your health and your magic reserves.
You regenerate magic rapidly.
A meltable shield of frost defends you. (SH +0)
You are partially covered in large bone plates. (SH +4)
You are somewhat resistant to further mutation.
Your spells are a little harder to cast, but a little more powerful.


Message History

Your magical effects are unravelling.
You feel magically purged.
You feel less porcine.
Your +3 flail of draining unmelds from your body.
Your +1 cloak unmelds from your body.
Your +0 hat unmelds from your body.
Your +0 pair of gloves unmelds from your body.
Your +0 buckler unmelds from your body.
Your +2 leather armour of poison resistance unmelds from your body.
Your ring of see invisible unmelds from your body.
Your +4 ring of protection unmelds from your body.
You sense an unholy aura.
You feel resistant to poison.
A nearby fungus withers and dies.
The hog bites you but does no damage. Kirke casts a spell at you.
You feel yourself slow down. The lindwurm closely misses you.
You block the lindwurm's attack. The lindwurm closely misses you.
You thump Kirke! You drain Kirke. You kick Kirke.
Kirke is heavily wounded.
The hog bites you but does no damage. x2; Kirke hits you but does no damage.
The hog bites you!
* * * LOW HITPOINT WARNING * * *
The hog closely misses you.
You hit Kirke. You kick Kirke.
Kirke is heavily wounded.
Kirke hits you but does no damage. The hog bites you.
* * * LOW HITPOINT WARNING * * *
The lindwurm misses you. You block the lindwurm's attack.
The lindwurm barely misses you. You block the hog's attack.
You block the lindwurm's attack.
The lindwurm claws you but does no damage.
You block the lindwurm's attack. The hog bites you but does no damage.
Kirke hits you!
* * * LOW HITPOINT WARNING * * *
The lindwurm closely misses you. x2
The lindwurm claws you but does no damage.
The hog misses you.
As you read the scroll of teleportation, it crumbles to dust.
You feel strangely unstable. The lindwurm breathes flames at you.
The blast of flame hits you!!
You die...

........................###.##.##
........#P##.##...#.......#######
.#.....########..###......#
.......##P.##.....#.....###
.........................#
..#......................#
.............h.......## ###
...........hh@k.......###.#### .
...........#h@k..#...#.#...... .
....##.P.hh#####.......##..... .
...........# ##............... .
h.P#.......................... .
....P.................#....# .
......................P#..###
h.....#.................P.....
.........#P..P..............#.
##.#.............#


You could see Kirke (drained), 2 lindwurms and 4 hogs.

Vanquished Creatures
  2 hydras
  2 boulder beetles
  5 elephants (Lair:2)
  3 cane toads
  A torpor snail (Lair:3)
  A rime drake (Lair:2)
  A troll (D:11)
  A polar bear (Lair:3)
  12 blink frogs
  Sigmund (D:2)
  2 wyverns
  12 yaks
  3 wraiths (D:11)
  A basilisk (Lair:2)
  2 hogs (Lair:3)
  A steam dragon (D:8)
  3 vampire mosquitoes
  Edmund (D:6)
  3 wargs (D:11)
  2 acid dragons (D:10)
  2 water moccasins
  A sky beast (D:7)
  An orc warrior (D:8)
  A black bear (D:5)
  An ice beast (D:8)
  An ogre (D:7)
  3 wolves (Lair:1)
  A centaur (D:7)
  2 phantoms
  2 bullfrogs
  3 scorpions
  A kobold brigand (D:9)
  6 killer bees (D:10)
  An electric eel (Lair:1)
  3 hounds
  5 orc priests
  2 iguanas
  2 sleepcaps
  8 orc wizards
  4 gnolls
  8 adders
  2 white imps (D:6)
  3 ufetubi
  4 dart slugs
  A worm (D:3)
  27 orcs
  5 ball pythons
  2 endoplasms
  2 giant cockroaches (D:2)
  5 goblins (D:1)
  9 hobgoblins
  3 jackals (D:4)
  A quokka (D:3)
  4 bats
  A frilled lizard (D:2)
  7 kobolds
  6 rats
199 creatures vanquished.

Vanquished Creatures (collateral kills)
  Pikel (D:8)
  5 elephants (Lair:2)
  Maurice (D:8)
  2 black mambas (Lair:1)
  A cane toad (Lair:3)
  An unseen horror (D:11)
  2 komodo dragons (Lair:2)
  7 blink frogs
  2 wyverns
  9 yaks
  2 basilisks (Lair:1)
  A steam dragon (D:7)
  5 vampire mosquitoes
  An acid dragon (D:10)
  3 water moccasins (Lair:3)
  2 orc warriors
  3 centaurs (D:9)
  3 wolves (Lair:1)
  A lemure (D:8)
  A scorpion (D:7)
  A bullfrog (Lair:1)
  A gnoll sergeant (D:8)
  5 wights (D:8)
  A killer bee (D:10)
  2 howler monkeys
  An electric eel (Lair:1)
  2 orc priests
  2 orc wizards (D:8)
  3 gnolls (D:8)
  9 orcs
  6 kobolds (D:9)
86 creatures vanquished.

Vanquished Creatures (others)
  A kobold brigand (D:9)
  11 battlemagi
  An orc wizard (D:5)
13 creatures vanquished.

Grand Total: 298 creatures vanquished

Notes
Turn   | Place    | Note
-------+----------+-------------------------------------------
     0 | D:1      | booth the Demonspawn Monk began the quest for the Orb.
     0 | D:1      | Reached XP level 1. HP: 18/18 MP: 1/1
   202 | D:1      | Reached skill level 3 in Axes
   250 | D:1      | Gained mutation: You regenerate magic rapidly. [demonic
                  | ancestry]
   250 | D:1      | Reached XP level 2. HP: 16/24 MP: 2/2
   391 | D:1      | Found Vikech's Armour Boutique.
  1317 | D:2      | Found a snail-covered altar of Cheibriados.
  1533 | D:2      | Noticed Sigmund
  1717 | D:2      | Gained mutation: You have large cloven feet. [demonic
                  | ancestry]
  1717 | D:2      | Reached XP level 3. HP: 28/29 MP: 3/3
  1979 | D:2      | Found a runed translucent door.
  1980 | D:2      | Noticed Crazy Yiuf
  2210 | D:3      | Gained mutation: You have hoof-like feet. [demonic
                  | ancestry]
  2210 | D:3      | Reached XP level 4. HP: 21/35 MP: 4/4
  2643 | D:3      | Found an ancient bone altar of Kikubaaqudgha.
  2845 | D:3      | Reached skill level 4 in Axes
  3222 | D:4      | Noticed a scorpion
  3231 | D:4      | Killed a scorpion
  3232 | D:4      | Gained mutation: A meltable shield of frost defends you.
                  | (SH +0) [demonic ancestry]
  3232 | D:4      | Reached XP level 5. HP: 42/42 MP: 5/5
  3659 | D:4      | Noticed a phantom
  3675 | D:4      | Reached skill level 1 in Throwing
  3689 | D:4      | Killed a phantom
  3690 | D:4      | Gained mutation: When hurt, damage is shared between your
                  | health and your magic reserves. [demonic ancestry]
  3690 | D:4      | Reached XP level 6. HP: 18/48 MP: 6/6
  4469 | D:5      | Entered Level 5 of the Dungeon
  4476 | D:5      | Reached skill level 5 in Axes
  4482 | D:5      | Reached XP level 7. HP: 9/55 MP: 2/7
  4685 | D:5      | Found a radiant altar of Vehumet.
  4768 | D:5      | Gained mutation: You are partially covered in large bone
                  | plates. (SH +4) [potion of mutation]
  4768 | D:5      | Gained mutation: Your spells are a little harder to cast,
                  | but a little more powerful. [potion of mutation]
  4768 | D:5      | Gained mutation: You are somewhat resistant to further
                  | mutation. [potion of mutation]
  5104 | D:5      | Found a shimmering altar of Xom.
  5121 | D:5      | Found an iron altar of Okawaru.
  5341 | D:5      | Got the Commentary on Calling
  5795 | D:5      | HP: 2/55 [poisoned by a gnoll]
  6330 | D:6      | Found a hide-covered altar of Uskayaw.
  6334 | D:6      | Reached skill level 5 in Fighting
  6434 | D:6      | Reached skill level 6 in Axes
  6663 | D:1      | Bought a +2 leather armour of poison resistance for 160
                  | gold pieces
  6745 | D:2      | Killed Sigmund
  6746 | D:2      | Reached XP level 8. HP: 47/62 MP: 6/8
  7074 | D:6      | Noticed Edmund
  7081 | D:6      | Killed Edmund
  7082 | D:6      | Reached skill level 5 in Dodging
  7578 | D:7      | Found a hazy altar of Hepliaklqana.
  7701 | D:7      | Found Lyasip's Lightly-Used Armoury.
  7734 | D:7      | Became a worshipper of Hepliaklqana the Forgotten
  7734 | D:7      | Reached * piety under Hepliaklqana
  7734 | D:7      | Reached ** piety under Hepliaklqana
  7741 | D:7      | Remembered your ancestor Ntomba as a battlemage
  7809 | D:7      | Reached skill level 7 in Axes
  8263 | D:7      | Reached XP level 9. HP: 56/62 MP: 7/9
  8407 | D:7      | Found a staircase to the Ecumenical Temple.
  8428 | Temple   | Entered the Ecumenical Temple
  8843 | D:8      | Reached *** piety under Hepliaklqana
  8847 | D:8      | Found a shadowy altar of Dithmenos.
  8937 | D:8      | Reached skill level 8 in Axes
  9044 | D:8      | Found a bloodstained altar of Trog.
  9251 | D:8      | Noticed Pikel
  9266 | D:8      | Killed Pikel
  9267 | D:8      | Reached skill level 5 in Throwing
  9478 | D:8      | Found Inyf's Gadget Gallery.
  9486 | D:8      | Noticed Maurice
  9497 | D:8      | Killed Maurice
 10161 | D:9      | Reached skill level 9 in Axes
 10161 | D:9      | Gained mutation: You are partially covered in slimy green
                  | scales. (AC +2) [demonic ancestry]
 10161 | D:9      | Reached XP level 10. HP: 66/71 MP: 10/10
 10899 | D:9      | Reached **** piety under Hepliaklqana
 11299 | D:10     | Entered Level 10 of the Dungeon
 11463 | D:10     | Found a runed translucent door.
 11475 | D:10     | Noticed Xeneth's ghost (journeyman MiFi)
 11528 | D:10     | Reached skill level 10 in Axes
 11888 | D:10     | Found an ornate altar of the Wu Jian Council.
 12032 | D:10     | Reached XP level 11. HP: 78/78 MP: 11/11
 12668 | D:11     | Found a staircase to the Lair.
 12832 | D:11     | Reached ***** piety under Hepliaklqana
 13021 | D:11     | Noticed a boulder beetle
 13055 | D:11     | Killed a boulder beetle
 13242 | D:11     | Found a broken altar of Ashenzari.
 13282 | D:11     | Found a staircase to the Orcish Mines.
 13309 | D:11     | Got the Omnibus of the Scorpion
 13815 | D:11     | Reached skill level 11 in Axes
 13987 | Lair:1   | Entered Level 1 of the Lair of Beasts
 14010 | Lair:1   | Reached skill level 1 in Invocations
 15343 | Lair:2   | Noticed a seven-headed hydra
 15351 | Lair:2   | Killed a seven-headed hydra
 15352 | Lair:2   | Gained mutation: A meltable icy envelope protects you from
                  | harm. (AC +0) [demonic ancestry]
 15352 | Lair:2   | Reached XP level 12. HP: 27/85 MP: 5/14
 15505 | Lair:2   | Found a hole to the Spider Nest.
 15799 | Lair:2   | Reached skill level 12 in Axes
 15827 | Lair:2   | Reached skill level 5 in Invocations
 15962 | Lair:2   | Found a staircase to the Swamp.
 16533 | Lair:3   | Noticed a boulder beetle
 16550 | Lair:3   | Killed a boulder beetle
 16555 | Lair:3   | Reached ****** piety under Hepliaklqana
 16768 | Lair:3   | Reached skill level 10 in Fighting
 17263 | Lair:3   | Noticed a six-headed hydra
 17263 | Lair:3   | Noticed Kirke
 17275 | Lair:3   | Killed a six-headed hydra
 17288 | Lair:3   | Killed from afar by a lindwurm

Illustrated notes

Levels and vault maps discovered:
D:1:      nagdon_arrival_zigzag_paths, layout_basic, serial_shops,
          nicolae_shop_just_a_little_nook, chequers_hall_statues_wall_a,
          minmay_misc_feat_four_crosses, chequers_serial_rivers_micro_c,
          kennysheep_boxes
D:2:      layout_basic, basic_altar, serial_rivers,
          chequers_serial_rivers_micro_e, chequers_serial_rivers_micro_a,
          chequers_serial_rivers_small_a, chequers_serial_rivers_micro_b,
          chequers_serial_rivers_small_b, chequers_serial_rivers_small_a,
          minmay_door_square, nicolae_titane, uniq_sigmund,
          uniq_crazy_yiuf_cottage
D:3:      layout_basic, general_overflow_altar
D:4:      layout_loops_ring, st_stairs_14
D:5:      layout_basic, mainiacjoe_overflow_divided_tiny,
          mainiacjoe_overflow_alcove_4, minmay_curled_crystal
D:6:      layout_loops_ring, eat_drink_and_be_merry_uskayaw, uniq_edmund
D:7:      layout_cave_pods, amcnicky_altar_gilded,
          minmay_temple_entry_drinking_statues, minmay_shop_damaged
D:8:      layout_gridville, mainiacjoe_overflow_six_doors_small,
          mainiacjoe_overflow_brackets, serial_co_window_serial,
          co_window_paths_b, co_window_paths_b, co_window_corner_a,
          co_window_corner_a, co_window_of_opportunity_a, co_window_paths_c,
          co_window_unsneaky_path_e, co_window_2corner, co_window_corner_cb,
          co_window_paths_c, co_window_4corner_b, glass_columns_a,
          glass_columns_a, columned_hall_lemuel, nicolae_shop_gadgets,
          uniq_maurice, uniq_pikel
D:9:      layout_irregular_city, serial_column_ruins, column_ruins_hut_ruined,
          column_ruins_hut, column_ruins_grid_1, column_ruins_columns_dead_end,
          column_ruins_open_small, column_ruins_grid_4, column_ruins_open_tiny,
          column_ruins_corridor_straight, minmay_misc_feat_rugged
D:10:     layout_roguey, mainiacjoe_overflow_alcove_2,
          ebering_ghost_reflecting_pool, minmay_tree_intersection,
          minmay_fractal_squares_5
D:11:     layout_stronghold, erik_lair_orcish_takeover,
          nicolae_ashenzari_panopticon
Temple:   nicolae_temple_ecumenical_triangle
Lair:1:   layout_regular_city, nicolae_quartered_pool_impasse,
          dpeg_stationary_puzzle, grunt_megastairs_5
Lair:2:   layout_gridlike, swamp_mist_pool, dummy_spider_entry
Lair:3:   layout_gridlike, serial_bayou_shore_b, uniq_kirke

Skill      XL: |  1  2  3  4  5  6  7  8  9 10 11 12 |
---------------+-------------------------------------+-----
Axes           | 3 4 5 6 7 9 10 11 12 | 12.8
Dodging        | 3 4 5 6 7 8 9 |  9.3
Fighting       | 4 5 6 7 8 9 10 | 10.2
Throwing       | 1 2 3 4 5 6 7 8 |  8.6
Invocations    | 3 6 |  6.6

Action                     |  1- 3 |  4- 6 |  7- 9 | 10-12 || total
---------------------------+-------+-------+-------+-------++-------
  Melee: Hand axe          |   123 |   133 |   266 |    43 ||   565
         Kick              |     8 |    38 |    88 |   163 ||   297
         Punch             |       |       |     4 |     1 ||     5
         War axe           |       |       |       |   208 ||   208
         Flail             |       |       |       |   142 ||   142
         Unarmed           |       |       |       |     1 ||     1
  Throw: Dart              |       |    14 |    21 |    29 ||    64
         Boomerang         |       |       |    10 |   104 ||   114
         Javelin           |       |       |     2 |       ||     2
 Invoke: Ancestor Life: Ba |       |       |     1 |       ||     1
         Ancestor Identity |       |       |     1 |       ||     1
  Evoke: Wand              |       |       |       |     5 ||     5
    Use: Scroll            |     5 |     7 |     7 |    11 ||    30
         Potion            |     1 |     3 |     3 |     3 ||    10
   Stab: Distracted        |       |       |     5 |     8 ||    13
         Sleeping          |       |       |     1 |       ||     1
 Armour: Robe              |    13 |       |       |       ||    13
         Leather armour    |     2 |    19 |    38 |   153 ||   212
  Dodge: Dodged            |    64 |    82 |    86 |   250 ||   482
  Block: Orb               |       |     4 |       |       ||     4
         Other             |       |     7 |   118 |    35 ||   160
         Reflection        |       |       |     2 |     6 ||     8
         Buckler           |       |       |       |   357 ||   357
